 Dungeon Crawl Stone Soup version 0.28.0-45-g0d030f2227 (webtiles) character file.

Game seed: 5017352851149744087

119 Zeld the Digger (level 5, 0/30 HPs)
             Began as a Gargoyle Earth Elementalist on Apr 22, 2022.
             Slain by an orc
             ... wielding a +0 short sword
              (4 damage)
             ... on level 4 of the Dungeon.
             The game lasted 00:03:39 (2937 turns).

Zeld the Digger (Gargoyle Earth Elementalist)       Turns: 2937, Time: 00:03:39

Health: 0/30       AC:  6    Str: 11    XL:     5   Next: 3%
Magic:  7/9        EV: 12    Int: 18    God:
Gold:   131        SH:  0    Dex: 10    Spells: 3/9 levels left

rFire   . . .      SeeInvis .   a - +0 whip (drain)
rCold   . . .      Faith    .   (no shield)
rNeg    + . .      Spirit   .   b - +0 robe
rPois   ∞          Reflect  .   (no helmet)
rElec   +          Harm     .   (no cloak)
rCorr   .          Rampage  .   (no gloves)
Will    .....                   (no boots)
Stlth   +.........              (no amulet)
HPRegen 0.10/turn               (no ring)
MPRegen 0.11/turn               (no ring)

@: very slow
A: sickness immunity, AC +4, negative energy resistance 1, electricity
resistance, torment resistance 1, petrification resistance
a: no special abilities


You were on level 4 of the Dungeon.
You visited 1 branch of the dungeon, and saw 4 of its levels.

You collected 131 gold pieces.

Inventory:

Hand Weapons
 a - a +0 whip of draining (weapon)
Missiles
 c - 79 stones
Armour
 b - a +0 robe (worn)
Jewellery
 f - a ring of protection from cold
Wands
 q - a wand of acid (8)
Scrolls
 e - a scroll of teleportation {unknown}
 h - 2 scrolls of torment {unknown}
 i - a scroll of enchant armour {unknown}
 m - a scroll of acquirement {unknown}
 n - a scroll of summoning {unknown}
 o - a scroll of identify {unknown}
Potions
 d - 2 potions of heal wounds {unknown}
 g - 3 potions of mutation {unknown}
 j - a potion of cancellation {unknown}
 k - a potion of brilliance {unknown}
 l - 3 potions of flight {unknown}
 p - a potion of berserk rage {unknown}
 r - a potion of degeneration {unknown}


   Skills:
 * Level 2.0 Fighting
 * Level 1.0 Maces & Flails
 + Level 1.2 Armour
 + Level 1.9 Dodging
 + Level 2.7 Stealth
 * Level 2.6 Spellcasting
 + Level 0.4 Conjurations
 - Level 1.0 Transmutations
 * Level 4.2 Earth Magic


You had 3 spell levels left.
You knew the following spells:

 Your Spells              Type           Power      Damage    Failure   Level
a - Sandblast             Erth           34%        2d9       3%          1
b - Passwall              Tmut/Erth      9%         N/A       9%          2
c - Stone Arrow           Conj/Erth      20%        3d8       19%         3

Your spell library contained the following spells:

 Spells                   Type           Power      Damage    Failure   Level
 Shock                    Conj/Air       12%        1d3       16%         1
 Swiftness                Air            2%         N/A       45%         3
 Petrify                  Tmut/Erth      11%        N/A       50%         4
 Airstrike                Air            1%         N/A       86%         4
 Cause Fear               Hex            1%         N/A       86%         4
 Dragon Form              Tmut           2%         N/A       100%        7
 Dragon's Call            Summ           1%         N/A       100%        9


Dungeon Overview and Level Annotations

Branches:
Dungeon (4/15)
 Temple: D:4-7

Altars:


Innate Abilities, Weirdness & Mutations

You are immune to sickness and miasma.
Your stone body is resilient. (AC +4)
You are immune to poison.
You resist negative energy. (rN+)
You are resistant to electric shocks. (rElec)
You are resistant to unholy torment.
You are immune to petrification.


Message History

You hit the kobold.
You kill the kobold!
The orc barely misses you. The orc misses you. The orc closely misses you.
The orc priest mumbles some strange prayers to Beogh against you.
Beogh smites you!
* * * LOW HITPOINT WARNING * * *
An orc comes into view. It is wielding a +0 club.
The orc hits you but does no damage.
You enter the shallow water.
Moving in this stuff is going to be slow.
The orc closely misses you.
A rat comes into view.
The orc priest looks braver for a moment.
The rat splashes around in the water.
The rat closely misses you.
You closely miss the rat. The rat closely misses you.
The orc hits you but does no damage.
Your unstable footing causes you to fumble your attack.
The rat splashes around in the water.
The orc closely misses you.
The orc priest looks encouraged for a moment.
Casting: Sandblast (safe; 3% risk of failure)
Confirm with . or Enter, or press ? or * to list all spells.
Aiming: Sandblast (safe; 3% risk of failure)
Press: ? - help, Shift-Dir - straight line, f - orc
Aim: an orc, wielding a +0 short sword and wearing a +0 ring mail (82% to hit)
The blast of sand hits the orc.
The orc is moderately wounded.
c - 80 stones The rat bites you but does no damage.
The orc hits you with a +0 short sword.
* * * LOW HITPOINT WARNING * * *
Casting: Sandblast (safe; 3% risk of failure)
Confirm with . or Enter, or press ? or * to list all spells.
Aiming: Sandblast (safe; 3% risk of failure)
Press: ? - help, Shift-Dir - straight line, f - rat, p - orc
Aim: a rat (79% to hit)
The blast of sand hits the rat!
You kill the rat!
c - 79 stones The orc hits you with a +0 short sword.
You die...

##oW..##.## #....
##...).J...###J(..
#oo###............
#o## #.###.###...#
##W## ### ###
#...# #≈≈≈#
####W.). #Jo≈#
#....... ##o##
##....... #@#
#........ #≈#
#........ #≈#
##....... ≈≈≈
#....... ≈≈≈
####.... ##≈##
#.<.. ### ##...
.... ##...


You could see a phantom, a jelly, an orc priest and 4 orcs.

Vanquished Creatures
  A gnoll (D:3)
  4 adders
  A worm (D:3)
  2 dart slugs
  3 orcs (D:3)
  9 endoplasms
  A giant cockroach (D:1)
  7 goblins
  3 hobgoblins
  5 quokkas
  7 ball pythons
  4 bats
  3 frilled lizards
  8 kobolds
  8 rats
66 creatures vanquished.

Notes
Turn   | Place    | Note
-------+----------+-------------------------------------------
     0 | D:1      | Zeld the Gargoyle Earth Elementalist began the quest for
                  | the Orb.
     0 | D:1      | Reached XP level 1. HP: 10/10 MP: 3/3
    91 | D:1      | Found a faded altar of an unknown god.
   214 | D:1      | Reached XP level 2. HP: 3/16 MP: 0/5
   476 | D:1      | Learned a level 2 spell: Passwall
  1079 | D:2      | Reached skill level 1 in Fighting
  1079 | D:2      | Reached skill level 1 in Transmutations
  1079 | D:2      | Reached XP level 3. HP: 20/20 MP: 4/6
  1294 | D:2      | Learned a level 3 spell: Stone Arrow
  1485 | D:2      | Reached skill level 4 in Earth Magic
  1796 | D:3      | Reached XP level 4. HP: 21/25 MP: 2/7
  1906 | D:3      | Reached skill level 1 in Armour
  2705 | D:3      | Reached skill level 1 in Maces & Flails
  2705 | D:3      | Reached XP level 5. HP: 27/30 MP: 3/8
  2902 | D:4      | Noticed a phantom
  2937 | D:4      | Slain by an orc

Illustrated notes

Levels and vault maps discovered:
D:1:      dpeg_arrival_tiny_a, layout_loops_ring,
          shapermc_ecumenical_altar_ellora
D:2:      layout_basic
D:3:      minmay_bubble_buster, layout_basic, minmay_misc_feat_roman,
          minmay_joined_circles
D:4:      layout_basic, gup_sewer_entry_bubbles, uniq_edmund, uniq_natasha,
          uniq_menkaure

Skill      XL: |  1  2  3  4 |
---------------+-------------+-----
Fighting       | 1 2 |  2.0
Transmutations | 1 |  1.0
Earth Magic    | 4 |  4.2
Armour         | 1 |  1.2
Maces & Flails | 1 |  1.0
Dodging        | |  1.9
Stealth        | |  2.7
Spellcasting   | |  2.6
Conjurations   | |  0.4

Action                   |  1- 3 |  4- 6 || total
-------------------------+-------+-------++-------
Melee: Unarmed           |     7 |       ||     7
       Whip              |    28 |    31 ||    59
 Cast: Sandblast         |    37 |    30 ||    67
 Stab: Sleeping          |     2 |       ||     2
Armor: Robe              |    21 |    22 ||    43
Dodge: Dodged            |    31 |    46 ||    77
